 Dungeon Crawl Stone Soup version 0.30.1-11-g7821555f0a (webtiles) character file.

Game seed: 17663776675109814322

655 jfcaron the Covert (level 7, -5/90 HPs)
             Began as a Gnoll Delver on Nov 6, 2023.
             Was a Follower of Okawaru.
             Slain by a cyclops (14 damage)
             ... on level 6 of the Dungeon.
             The game lasted 00:10:57 (5033 turns).

jfcaron the Covert (Gnoll Delver)                   Turns: 5033, Time: 00:10:57

Health: -5/90      AC: 23    Str: 14    XL:     7   Next: 54%
Magic:  10/11      EV:  2    Int:  9    God:    Okawaru [*.....]
Gold:   10         SH:  6    Dex: 13    Spells: 11/11 levels left

rFire   + . .        a - +0 spear
rCold   + . .        A - +0 buckler
rNeg    + . .        l - melded +3 leather armour {rPois}
rPois   +            (helmet currently unavailable)
rElec   +            (cloak currently unavailable)
rCorr   +            (gloves currently unavailable)
SInv    .            k - melded +0 pair of boots
Will    .....        (no amulet)
Stlth   ++++++       m - ring of positive energy
HPRegen 0.35/turn    (no ring)
MPRegen 0.12/turn

%: no passive effects
@: tree-form, resistant, heroic, invisible
A: stationary, stasis, torment immunity, boosted hp, (fangs 1), strong nose,
distributed training
a: Renounce Religion, Heroism


You were on level 6 of the Dungeon.
You worshipped Okawaru.
Okawaru was aware of your devotion.
You were a tree.
You visited 2 branches of the dungeon, and saw 7 of its levels.

You collected 248 gold pieces.
You spent 238 gold pieces at shops.

Inventory:

Hand Weapons
 a - a +0 spear (weapon)
Missiles
 i - 6 poisoned darts
 q - 5 javelins
 w - 8 boomerangs
 C - 17 stones
Armour
 b - a +0 leather armour
 j - a +0 ring mail
 k - a +0 pair of boots (melded)
 l - a +3 leather armour of poison resistance (melded)
   (You took it off an orc on level 5 of the Dungeon)
 A - a +0 buckler (worn)
 B - a +0 plate armour
Magical Staves
 x - a staff of cold
   (You found it on level 4 of the Dungeon)
Jewellery
 m - a ring of positive energy (left branch)
Wands
 g - a wand of digging (3)
Scrolls
 c - a scroll of fog
 d - a scroll of magic mapping
 o - a scroll of poison
 s - 3 scrolls of identify {unknown}
 t - a scroll of teleportation {unknown}
 u - 2 scrolls of noise {unknown}
 y - a scroll of brand weapon {unknown}
 z - a scroll of amnesia
 D - a scroll of silence {unknown}
Potions
 f - 5 potions of haste
 h - a potion of brilliance
 p - 2 potions of might
 v - 2 potions of lignification
 E - a potion of mutation


   Skills:
 + Level 7.1(12.1) Fighting
 + Level 2.6(7.6) Short Blades
 + Level 2.6(7.6) Long Blades
 + Level 2.6(7.6) Axes
 + Level 2.6(7.6) Maces & Flails
 + Level 5.3(10.3) Polearms
 + Level 2.6(7.6) Staves
 + Level 2.6(7.6) Ranged Weapons
 + Level 2.6(7.6) Throwing
 + Level 2.6(7.6) Armour
 + Level 5.3(10.3) Dodging
 + Level 10.0(15.0) Stealth
 + Level 2.6(7.6) Shields
 + Level 2.6(7.6) Unarmed Combat
 + Level 2.6 Spellcasting
 + Level 2.1 Conjurations
 + Level 2.1 Hexes
 + Level 2.1 Summonings
 + Level 2.1 Necromancy
 + Level 2.1 Translocations
 + Level 2.1 Transmutations
 + Level 2.1 Fire Magic
 + Level 2.1 Ice Magic
 + Level 2.1 Air Magic
 + Level 2.1 Earth Magic
 + Level 2.1 Poison Magic
 + Level 3.0 Invocations
 + Level 2.6 Evocations


You had 11 spell levels left.
You didn't know any spells.
Your spell library contained the following spells:

 Spells                   Type           Power      Damage    Failure   Level
 Portal Projectile        Hex/Tloc       10%        N/A       43%         3
 Stone Arrow              Conj/Erth      10%        3d7       43%         3
 Blade Hands              Tmut           2%         N/A       99%         5
 Lehudib's Crystal Spear  Conj/Erth      2%         10d2      100%        8
 Tukima's Dance           Hex            Unusable   N/A       N/A         3
 Animate Armour           Summ/Erth      Unusable   N/A       N/A         4

Dungeon Overview and Level Annotations

Branches:
Dungeon (6/15)             Temple (1/1) D:5

Altars:
Dithmenos
Elyvilon
Fedhas
Gozag
Hepliaklqana
Kikubaaqudgha
Makhleb
Nemelex Xobeh
Okawaru
Qazlal
Ru
Sif Muna
Trog
Uskayaw
Vehumet
Wu Jian
Xom
Yredelemnul
Zin
The Shining One

Shops:
D:2 !


Innate Abilities, Weirdness & Mutations

You are a tree.
Your roots penetrate the ground, keeping you stationary.
You cannot be teleported.
You are immune to unholy pain and torment.
Your maximum health is greatly increased.
Your equipment is partially melded.
((You have very sharp teeth.))
Your uncanny sense of smell can sniff out nearby items.
Your experience applies equally to all skills.


Message History

* * * LOW HITPOINT WARNING * * *
It was a potion of lignification.
You turn into a tree.
Your +0 pair of boots melds into your body.
Your +3 leather armour of poison resistance melds into your body.
You no longer feel resistant to poison.
Your roots penetrate the ground.
It was a potion of invisibility.
You fade into invisibility!
It was a potion of resistance.
You feel protected.
The cyclops hits you but does no damage.
Okay, then.
Unknown command.
Okay, then.
Unknown command.
You hit the cyclops.
The cyclops is moderately wounded.
Okay, then.
You strike the helpless cyclops from behind!
You hit the cyclops.
The cyclops is heavily wounded.
The cyclops hits you but does no damage.
You hit the cyclops.
The cyclops is heavily wounded.
You hit the cyclops but do no damage.
The cyclops is heavily wounded.
You hit the cyclops.
The cyclops is severely wounded.
The cyclops barely misses you.
You hit the cyclops but do no damage.
The cyclops is severely wounded.
You completely miss the cyclops.
The cyclops is severely wounded.
The cyclops hits you but does no damage.
You catch the helpless cyclops completely off-guard!
You puncture the cyclops!
The cyclops is severely wounded.
You hit the cyclops.
The cyclops is almost dead.
The cyclops hits you!
You die...

###+#####
#.......#
#.......#
+..8....#
#.......#
#......<#
###'###.#
#.♣.##.#
#..C..#.#
#..(..#.#
#.....#.#
##!()##.#
######<#
#...#
#.### #.#


You could see a cyclops (unable to see you, very poisoned).

Vanquished Creatures
  An orc warrior (D:5)
  An ogre (D:5)
  2 scorpions
  A hound (D:4)
  2 iguanas (D:4)
  Natasha (thrice) (D:3)
  2 orc wizards
  2 adders
  4 gnolls (D:6)
  A worm (D:2)
  3 dart slugs
  18 orcs
  8 ball pythons
  4 bats
  3 endoplasms
  5 goblins
  9 hobgoblins
  7 jackals
  3 quokkas
  A frilled lizard (D:2)
  5 kobolds
  2 rats (D:3)
87 creatures vanquished.

Notes
Turn   | Place    | Note
-------+----------+-------------------------------------------
     0 | D:5      | Reached skill level 9 in Stealth
     0 | D:5      | jfcaron the Gnoll Delver began the quest for the Orb.
     0 | D:5      | Reached XP level 1. HP: 23/23 MP: 1/1
     9 | D:5      | Found a staircase to the Ecumenical Temple.
    21 | Temple   | Entered the Ecumenical Temple
   209 | Temple   | Became a worshipper of Warmaster Okawaru
   687 | D:3      | Reached XP level 2. HP: 29/29 MP: 2/2
  1109 | D:1      | Reached XP level 3. HP: 35/35 MP: 3/3
  1659 | D:2      | Reached skill level 1 in Invocations
  1697 | D:2      | Found Cemepn's Distillery.
  1702 | D:2      | Bought a potion of might for 56 gold pieces
  1702 | D:2      | Bought a potion of degeneration for 14 gold pieces
  1731 | D:2      | Bought a potion of brilliance for 56 gold pieces
  2188 | D:3      | Reached skill level 1 in Short Blades
  2188 | D:3      | Reached skill level 1 in Long Blades
  2188 | D:3      | Reached skill level 1 in Axes
  2188 | D:3      | Reached skill level 1 in Maces & Flails
  2188 | D:3      | Reached skill level 1 in Staves
  2188 | D:3      | Reached skill level 1 in Ranged Weapons
  2188 | D:3      | Reached skill level 1 in Throwing
  2188 | D:3      | Reached skill level 1 in Armour
  2188 | D:3      | Reached skill level 1 in Shields
  2188 | D:3      | Reached skill level 1 in Unarmed Combat
  2188 | D:3      | Reached skill level 1 in Spellcasting
  2188 | D:3      | Reached skill level 1 in Evocations
  2283 | D:3      | Noticed Natasha
  2285 | D:3      | Reached XP level 4. HP: 41/41 MP: 5/5
  2297 | D:3      | Killed Natasha
  2298 | D:3      | Reached skill level 1 in Conjurations
  2298 | D:3      | Reached skill level 1 in Hexes
  2298 | D:3      | Reached skill level 1 in Summonings
  2298 | D:3      | Reached skill level 1 in Necromancy
  2298 | D:3      | Reached skill level 1 in Translocations
  2298 | D:3      | Reached skill level 1 in Transmutations
  2298 | D:3      | Reached skill level 1 in Fire Magic
  2298 | D:3      | Reached skill level 1 in Ice Magic
  2298 | D:3      | Reached skill level 1 in Air Magic
  2298 | D:3      | Reached skill level 1 in Earth Magic
  2298 | D:3      | Reached skill level 1 in Poison Magic
  2308 | D:3      | Found a faded altar of an unknown god.
  2336 | D:3      | Found a shimmering altar of Xom.
  2425 | D:3      | Found a basalt altar of Yredelemnul.
  2483 | D:3      | Noticed Natasha
  2494 | D:3      | Killed Natasha
  2609 | D:3      | Found a faded altar of an unknown god.
  2646 | D:3      | Found a shimmering altar of Xom.
  2839 | D:3      | Noticed Natasha
  2854 | D:3      | Killed Natasha
  2855 | D:3      | Reached XP level 5. HP: 47/47 MP: 7/7
  3139 | D:4      | Found a blossoming altar of Fedhas.
  3421 | D:4      | Reached * piety under Okawaru
  3422 | D:4      | Reached skill level 5 in Polearms
  3422 | D:4      | Reached skill level 5 in Dodging
  3422 | D:4      | Reached XP level 6. HP: 38/53 MP: 7/9
  4038 | D:5      | Noticed an orc warrior
  4060 | D:5      | Killed an orc warrior
  4063 | D:5      | Reached XP level 7. HP: 47/60 MP: 8/10
  4738 | D:2      | Bought a potion of mutation for 112 gold pieces
  4848 | D:6      | Reached skill level 10 in Stealth
  5015 | D:6      | Noticed a cyclops
  5021 | D:6      | HP: 4/60 [cyclops/large rock (34)]
  5033 | D:6      | Slain by a cyclops

Illustrated notes

Levels and vault maps discovered:
D:1:      minmay_arrival_open_corners, layout_loops_ring
D:2:      layout_loops_cross, serial_shops, nicolae_shop_stone,
          minmay_misc_feat_tiny
D:3:      layout_rooms, mainiacjoe_overflow_six_doors_small, old_standard_altar,
          chequers_ecumenical_altar_simple_redux, uniq_natasha
D:4:      cheibrodos_old_hovel, layout_basic,
          mainiacjoe_overflow_surrounded_room,
          hangedman_abyss_or_decor_lesser_grid, nrook_uturn
D:5:      layout_basic, minmay_temple_entry_water_ring
D:6:      nicolae_BIG_FREAKIN_CUBE, layout_basic, minmay_three_doors,
          uniq_eustachio, uniq_edmund, uniq_duvessa, uniq_grinder
Temple:   bh_familiar_temple

Skill      XL: |  1  2  3  4  5  6  7 |
---------------+----------------------+-----
Stealth        | 10 | 10.0
Invocations    | 1 2 3 |  3.0
Short Blades   | 1 2 |  2.6
Long Blades    | 1 2 |  2.6
Axes           | 1 2 |  2.6
Maces & Flails | 1 2 |  2.6
Staves         | 1 2 |  2.6
Ranged Weapons | 1 2 |  2.6
Throwing       | 1 2 |  2.6
Armour         | 1 2 |  2.6
Shields        | 1 2 |  2.6
Unarmed Combat | 1 2 |  2.6
Spellcasting   | 1 2 |  2.6
Evocations     | 1 2 |  2.6
Conjurations   | 1 2 |  2.1
Hexes          | 1 2 |  2.1
Summonings     | 1 2 |  2.1
Necromancy     | 1 2 |  2.1
Translocations | 1 2 |  2.1
Transmutations | 1 2 |  2.1
Fire Magic     | 1 2 |  2.1
Ice Magic      | 1 2 |  2.1
Air Magic      | 1 2 |  2.1
Earth Magic    | 1 2 |  2.1
Poison Magic   | 1 2 |  2.1
Polearms       | 5 |  5.3
Dodging        | 5 |  5.3
Fighting       | 7 |  7.1

Action                     |  1- 3 |  4- 6 |  7- 9 || total
---------------------------+-------+-------+-------++-------
  Melee: Spear             |   116 |   132 |    68 ||   316
         Bite              |     5 |    11 |     9 ||    25
  Throw: Dart              |     7 |    41 |    10 ||    58
         Stone             |     3 |     3 |     9 ||    15
         Javelin           |       |     4 |     3 ||     7
 Invoke: Heroism           |       |     1 |     2 ||     3
    Use: Scroll            |     4 |       |     1 ||     5
         Potion            |       |       |     3 ||     3
   Stab: Sleeping          |     9 |     7 |     3 ||    19
         Invisible         |       |       |     2 ||     2
 Armour: Leather armour    |    17 |    31 |     4 ||    52
         Skin              |       |       |     3 ||     3
  Dodge: Dodged            |    56 |    78 |    22 ||   156
  Block: Buckler           |       |     6 |     6 ||    12

Table legend: (Time is in decaauts)
 A = Elapsed time spent in this place.
 B = Non-inter-level travel time spent in this place.
 C = Inter-level travel time spent in this place.
 D = Time resting spent in this place.
 E = Time spent auto-exploring this place.
 F = Levels seen in this place.
 G = Mean time per level.
                   A        B        C        D        E       F      G
               +--------+--------+--------+--------+--------+-----+--------+
         Total |   5000 |   4360 |    640 |    297 |   2950 |   7 |  714.3 |
       Dungeon |   4785 |   4205 |    580 |    297 |   2798 |   6 |  797.5 |
        Temple |    214 |    154 |     60 |      0 |    152 |   1 |  214.0 |
               +--------+--------+--------+--------+--------+-----+--------+

Top non-repeatable levels by time:
     D:4: 1194 daAuts
     D:5: 1069 daAuts
     D:3: 880 daAuts
     D:2: 816 daAuts
     D:1: 620 daAuts
  Temple: 214 daAuts
     D:6: 204 daAuts

Table legend:
 A = Kills in this place as a percentage of kills in the entire game.
 B = Kills by you in this place as a percentage of kills by you in the entire game.
 C = Kills by friends in this place as a percentage of kills by friends in the entire game.
 D = Other kills in this place as a percentage of other kills in the entire game.
 E = Experience gained in this place as a percentage of experience gained in the entire game.
 F = Experience gained in this place divided by the number of levels of this place that you have seen.
                   A       B       C       D       E      F
               +-------+-------+-------+-------+-------+----------------------
         Total | 100.0 | 100.0 |   N/A |   N/A | 100.0 | 133.7
       Dungeon | 100.0 | 100.0 |   N/A |   N/A | 100.0 | 156.0
               +-------+-------+-------+-------+-------+----------------------

Levels and vault maps discovered:
D:1:      minmay_arrival_open_corners, layout_loops_ring
D:2:      layout_loops_cross, serial_shops, nicolae_shop_stone,
          minmay_misc_feat_tiny
D:3:      layout_rooms, mainiacjoe_overflow_six_doors_small, old_standard_altar,
          chequers_ecumenical_altar_simple_redux, uniq_natasha
D:4:      cheibrodos_old_hovel, layout_basic,
          mainiacjoe_overflow_surrounded_room,
          hangedman_abyss_or_decor_lesser_grid, nrook_uturn
D:5:      layout_basic, minmay_temple_entry_water_ring
D:6:      nicolae_BIG_FREAKIN_CUBE, layout_basic, minmay_three_doors,
          uniq_eustachio, uniq_edmund, uniq_duvessa, uniq_grinder
Temple:   bh_familiar_temple
